 Dungeon Crawl Stone Soup version 0.28-a0-980-g3664467d6e (webtiles) character file.

Game seed: 737942287180307852

584 GregHouse the Chopper (level 7, -1/62 HPs)
             Began as a Hill Orc Monk on Dec 2, 2021.
             Was a Believer of Beogh.
             Slain by a sky beast (6 damage)
             ... on level 5 of the Dungeon.
             The game lasted 00:29:32 (5759 turns).

GregHouse the Chopper (Hill Orc Monk)               Turns: 5759, Time: 00:29:34

Health: -1/62      AC: 16    Str: 16    XL:     7   Next: 37%
Magic:  7/7        EV:  7    Int: 10    God:    Beogh [**....]
Gold:   173        SH:  0    Dex: 13    Spells: 6/6 levels left

rFire   . . .      SeeInvis .   a - +0 hand axe
rCold   . . .      Faith    .   (no shield)
rNeg    . . .      Spirit   .   e - +0 chain mail
rPois   .          Reflect  .   f - +2 helmet
rElec   .          Harm     .   q - +2 cloak
rCorr   .          Rampage  .   (no gloves)
Will    .....                   (no boots)
Stlth   ..........              (no amulet)
HPRegen 0.20/turn               (no ring)
MPRegen 0.10/turn               (no ring)

@: no status effects
A: no striking features
a: Renounce Religion, Smiting


You were on level 5 of the Dungeon.
You worshipped Beogh.
Beogh was pleased with you.
You visited 1 branch of the dungeon, and saw 6 of its levels.

You collected 173 gold pieces.

Inventory:

Hand Weapons
 a - a +0 hand axe (weapon)
Missiles
 d - 4 silver boomerangs (quivered)
Armour
 c - a +2 hat
 e - a +0 chain mail (worn)
 f - a +2 helmet (worn)
 q - a +2 cloak (worn)
Wands
 p - a wand of digging (6)
Scrolls
 b - 3 scrolls of teleportation
 g - a scroll of fear
 h - a scroll of vulnerability
 l - a scroll of noise {unknown}
 n - a scroll of enchant weapon {unknown}
Potions
 i - 2 potions of flight {unknown}
 j - a potion of ambrosia {unknown}
 k - a potion of mutation {unknown}
 m - a potion of heal wounds {unknown}
 o - a potion of cancellation {unknown}
 r - a potion of might {unknown}
 s - a potion of brilliance {unknown}


   Skills:
 + Level 5.8 Fighting
 + Level 7.6 Axes
 + Level 4.4 Armour
 - Level 2.4 Dodging
 + Level 2.0 Stealth


You had 6 spell levels left.
You didn't know any spells.
Your spell library was empty.

Dungeon Overview and Level Annotations

Branches:
Dungeon (6/15)
 Temple: D:4-7

Altars:
Cheibriados
Fedhas
Hepliaklqana

Shops:
D:3 (   D:4 *

Annotations:
D:3 3 runed translucent doors, exclusions: downstairs and player ghost, JohnySteedPL's ghost, amateur SpHu
D:4 exclusion: ogre


Message History

You slash something! Something hits you but does no damage.
You miss something. Something hits you but does no damage.
You closely miss something. Something hits you but does no damage.
You miss something. Something hits you but does no damage.
You miss something. You closely miss something.
Something hits you but does no damage.
Your chain mail prevents you from hitting something.
Something hits you. Something shocks you.
* * * LOW HITPOINT WARNING * * *
You miss something. Something hits you but does no damage.
You hit something but do no damage. Something hits you but does no damage.
You barely miss something. Something hits you but does no damage.
You miss something. Something hits you but does no damage.
You miss something. Something hits you but does no damage.
You hit something.
A sky beast appears from thin air!
Reactivating autopickup.
The sky beast misses you.
You barely miss the sky beast.
The sky beast is severely wounded.
The sky beast hits you but does no damage.
You hit the sky beast but do no damage.
The sky beast is severely wounded.
The sky beast hits you but does no damage.
You hit the sky beast.
The sky beast is severely wounded.
The sky beast barely misses you.
You barely miss the sky beast.
The sky beast is severely wounded.
The sky beast hits you.
* * * LOW HITPOINT WARNING * * *
The sky beast shocks you.
* * * LOW HITPOINT WARNING * * *
You slash the sky beast!
The sky beast is almost dead.
The sky beast flickers out of sight!
Deactivating autopickup; reactivate with Ctrl-A.
Something hits you.
* * * LOW HITPOINT WARNING * * *
Something shocks you.
You die...

.# #........# #......#
.# #....>...###......#
.. #....)....##......#
..###..)..............#
....#........ยง.......)#
..#.#........###......#
.......###...##<......#
#..............{......#
#...##.#..######@....$#
....##...# ########
##...###) #...# #....
#..#.. #...... #...###.


There were no monsters in sight!

Vanquished Creatures
  A black bear (D:5)
  A centaur (D:5)
  A phantom (D:5)
  A howler monkey (D:4)
  A bullfrog zombie (D:5)
  A jelly (D:5)
  An iguana (D:4)
  A hound skeleton (D:4)
  5 gnolls
  A howler monkey skeleton (D:4)
  4 adders
  5 worms
  A dart slug (D:5)
  An orc (D:3)
  9 bats
  7 endoplasms
  4 giant cockroaches
  6 goblins
  7 hobgoblins
  2 jackals (D:4)
  12 kobolds
  5 quokkas
  7 ball pythons
  7 frilled lizards
  12 rats
103 creatures vanquished.

Vanquished Creatures (others)
  2 orcs (D:3)
  18 plants (D:5)
20 creatures vanquished.

Grand Total: 123 creatures vanquished

Notes
Turn   | Place    | Note
-------+----------+-------------------------------------------
     0 | D:1      | GregHouse the Hill Orc Monk began the quest for the Orb.
     0 | D:1      | Reached XP level 1. HP: 19/19 MP: 1/1
   115 | D:1      | Reached XP level 2. HP: 27/27 MP: 2/2
   662 | D:1      | Reached XP level 3. HP: 32/33 MP: 3/3
   728 | D:1      | Found a faded altar of an unknown god.
   909 | D:1      | Reached skill level 5 in Axes
  1496 | D:2      | Reached XP level 4. HP: 39/41 MP: 4/4
  1578 | D:2      | Reached skill level 1 in Armour
  2149 | D:3      | Became a worshipper of Beogh the Brigand
  2149 | D:3      | Reached * piety under Beogh
  2149 | D:3      | Reached ** piety under Beogh
  2309 | D:3      | Found a hazy altar of Hepliaklqana.
  2430 | D:3      | Found Jeemymus's Weapon Shop.
  2496 | D:4      | Noticed a black bear
  2956 | D:3      | Found a runed translucent gate.
  2956 | D:3      | Found a runed translucent gate.
  2956 | D:3      | Found a runed translucent gate.
  2957 | D:3      | Noticed JohnySteedPL's ghost (amateur SpHu)
  3068 | D:5      | Entered Level 5 of the Dungeon
  3068 | D:5      | Noticed a sky beast
  3145 | D:5      | Noticed a phantom
  3153 | D:5      | Noticed a scorpion
  3430 | D:4      | Reached XP level 5. HP: 37/47 MP: 5/5
  3915 | D:4      | Reached skill level 6 in Axes
  4073 | D:4      | Noticed an ogre
  4639 | D:4      | Found Tuneig Ipuo's Elemental Accessories.
  4825 | D:4      | Found a blossoming altar of Fedhas.
  5053 | D:5      | Reached XP level 6. HP: 53/55 MP: 6/6
  5060 | D:5      | Reached skill level 5 in Fighting
  5103 | D:5      | Found a snail-covered altar of Cheibriados.
  5516 | D:5      | Reached skill level 7 in Axes
  5550 | D:5      | Reached XP level 7. HP: 61/61 MP: 7/7
  5759 | D:5      | Slain by a sky beast

Illustrated notes

Levels and vault maps discovered:
D:1:      saegor_arrival_simple_b, layout_loops_cross,
          chequers_ecumenical_altar_island, minmay_rat_gold_closets
D:2:      layout_rooms, columned_hall_lemuel, minmay_misc_feat_plants,
          minmay_tall_x
D:3:      layout_basic, nicolae_overflow_crystal_walls,
          ebering_ghost_rock_garden, serial_shops, shop
D:4:      layout_cave_pods, lemuel_coloured_pillars_altar,
          nicolae_ossuary_entry_false_entrances, nicolae_elemental_shop,
          minmay_fountain_box
D:5:      layout_rooms, okawaru_altar_gauntlet_db, chei_slow_surprise,
          minmay_temple_entry_poolview, nicolae_grassy_gnolls
D:6:      layout_cave_pools, nicolae_tso_carved_into_rock,
          grunt_temple_overflow_open, serial_undead, serial_undead_f,
          serial_undead_d, serial_undead_d, serial_undead_e, serial_undead_c,
          serial_undead_c, serial_undead_f, serial_undead_d,
          minmay_misc_feat_pillars

Skill      XL: |  1  2  3  4  5  6 |
---------------+-------------------+-----
Fighting       | 4 5 |  5.8
Axes           | 5 6 7 |  7.6
Armour         | 2 3 4 |  4.4
Stealth        | 2 |  2.0
Dodging        | |  2.4

Action                   |  1- 3 |  4- 6 |  7- 9 || total
-------------------------+-------+-------+-------++-------
Melee: Hand axe          |   173 |   259 |    62 ||   494
Invok: Convert to Beogh  |       |     1 |       ||     1
  Use: Scroll            |       |     6 |     2 ||     8
 Stab: Sleeping          |     1 |       |       ||     1
Armor: Robe              |     2 |       |       ||     2
       Ring mail         |    37 |       |       ||    37
       Chain mail        |    50 |   190 |    68 ||   308
Dodge: Dodged            |    80 |   105 |    18 ||   203

Table legend: (Time is in decaauts)
 A = Elapsed time spent in this place.
 B = Non-inter-level travel time spent in this place.
 C = Inter-level travel time spent in this place.
 D = Time resting spent in this place.
 E = Time spent auto-exploring this place.
 F = Levels seen in this place.
 G = Mean time per level.
                   A        B        C        D        E       F      G
               +--------+--------+--------+--------+--------+-----+--------+
         Total |   5787 |   5441 |    346 |    964 |   2494 |   6 |  964.5 |
       Dungeon |   5787 |   5441 |    346 |    964 |   2494 |   6 |  964.5 |
               +--------+--------+--------+--------+--------+-----+--------+

Top non-repeatable levels by time:
     D:4: 1689 daAuts
     D:1: 1236 daAuts
     D:3: 1108 daAuts
     D:5: 911 daAuts
     D:2: 831 daAuts
     D:6: 9 daAuts
